 Dungeon Crawl Stone Soup version 0.30.0-3-ga4e48a9924 (webtiles) character file.

Game seed: 2989230741949010873

40188 BiteMe the Thaumaturge (level 13, -5/78 (83) HPs)
             Began as a Demonspawn Fire Elementalist on May 3, 2023.
             Was an Elder of Vehumet.
             Killed from afar by a tengu reaver (44 damage)
             ... with a bolt of negative energy
             ... on level 12 of the Dungeon on May 7, 2023.
             The game lasted 05:53:26 (34757 turns).

BiteMe the Thaumaturge (DsFE)                      Turns: 34757, Time: 05:53:26

HP:   -5/78 (83)    AC: 16    Str:  8    XL:     13   Next: 73%
MP:   6/30          EV: 14    Int: 30    God:    Vehumet [****..]
Gold: 666           SH:  0    Dex: 17    Spells: 3/38 levels left

rFire   + . .        f - staff of fire
rCold   . . .        (no shield)
rNeg    . . .        O - +0 ring mail "Noguiqet" {Int+5}
rPois   .            (helmet restricted)
rElec   .            R - +2 cloak {rCorr}
rCorr   +            i - +2 pair of gloves
SInv    .            P - +1 pair of boots
Will    .....        Q - amulet of magic regeneration
Stlth   ++           V - +6 ring of intelligence
HPRegen 0.33/turn    l - +4 ring of slaying
MPRegen 0.62/turn

%: no passive effects
@: drained
A: horns 2, slimy green scales 2, demonic guardian 1, demonic magic 2
a: Renounce Religion


You were on level 12 of the Dungeon.
You worshipped Vehumet.
Vehumet was greatly pleased with you.
You visited 4 branches of the dungeon, and saw 20 of its levels.
You also visited: Ossuary.

You collected 1404 gold pieces.
You spent 738 gold pieces at shops.

Inventory:

Hand Weapons
 a - a +2 broad axe of draining
 k - the +9 broad axe of the Crypt {antimagic, rCorr Int+2 Dex+3}
   (You found it on level 9 of the Dungeon)

   Int:       It affects your intelligence (+2).
   Dex:       It affects your dexterity (+3).
   rCorr:     It protects you from acid and corrosion.
 m - a +0 halberd of distortion
 u - a +2 great mace of protection
 E - a +3 long sword of freezing
Armour
 c - the +3 Mad Mage's Maulers {Infuse+∞ VampMP -Cast}
   (You found it on level 10 of the Dungeon)

   Infuse+∞: It empowers its wearer's blows with all of their magic.
   VampMP:    Blows struck in melee replenish the wearer's magic.
   -Cast:     It prevents spellcasting.
 i - a +2 pair of gloves (worn)
 j - +0 steam dragon scales
 x - a +2 robe of resistance
 B - a +0 troll leather armour
 N - a +1 scale mail of poison resistance
 O - the +0 ring mail "Noguiqet" (worn) {Int+5}
   (You found it on level 9 of the Dungeon)

   Int:       It affects your intelligence (+5).
 P - a +1 pair of boots (worn)
 R - a +2 cloak of preservation (worn)
 Z - a +1 ring mail of cold resistance
Magical Staves
 f - a staff of fire (weapon)
 Y - a staff of air
Jewellery
 g - a +4 ring of protection
 l - a +4 ring of slaying (right hand)
 p - a ring of willpower
 w - a ring of ice
 H - a ring of protection from fire
 Q - an amulet of magic regeneration (around neck)
 T - a ring of flight
 V - a +6 ring of intelligence (left hand)
Wands
 r - a wand of mindburst (6)
 y - a wand of digging (6)
 A - a wand of paralysis (9)
 C - a wand of iceblast (8)
 D - a wand of flame (19)
 J - a wand of light (3)
 U - a wand of polymorph (4)
Scrolls
 d - 3 scrolls of teleportation
 h - 4 scrolls of magic mapping
 q - 2 scrolls of silence
 s - 4 scrolls of enchant weapon
 t - 2 scrolls of amnesia
 G - a scroll of fog
 I - 4 scrolls of identify
 L - 2 scrolls of poison
 M - 7 scrolls of immolation
Potions
 b - a potion of magic
 e - 7 potions of cancellation
 n - 3 potions of curing
 o - a potion of resistance
 v - 5 potions of flight
 z - 7 potions of might
 F - a potion of heal wounds
 K - a potion of lignification
 W - 4 potions of ambrosia
Miscellaneous
 S - a piece from Xom's chessboard (15/15)


   Skills:
 - Level 1.9 Fighting
 - Level 2.1 Long Blades
 * Level 9.1 Dodging
 - Level 2.7 Stealth
 - Level 13.1 Spellcasting
 + Level 7.3 Conjurations
 - Level 0.2 Translocations
 + Level 13.0 Fire Magic
 * Level 4.6 Poison Magic
 * Level 3.3 Evocations


You had 3 spell levels left.
You knew the following spells:

 Your Spells              Type           Power      Damage    Failure   Level
a - Foxfire               Conj/Fire      100%       2x1d9     1%          1
b - Scorch                Fire           100%       2d9       1%          2
c - Volatile Blastmotes   Fire/Tloc      100%       2d18      1%          3
d - Inner Flame           Hex/Fire       73%        N/A       1%          3
e - Flame Wave            Conj/Fire      88%        2d19      1%          4
f - Ignite Poison         Fire/Tmut/Pois 70%        N/A       1%          3
g - Mephitic Cloud        Conj/Pois/Air  43%        N/A       1%          3
h - Blink                 Tloc           40%        N/A       11%         2
i - Dazzling Flash        Conj/Hex       82%        N/A       1%          3
j - Fireball              Conj/Fire      44%        3d18      1%          5
k - Poisonous Vapours     Pois/Air       66%        N/A       1%          2
l - Fulminant Prism       Conj/Hex       20%        3d12      4%          4

Your spell library contained the following spells:

 Spells                   Type           Power      Damage    Failure   Level
 Plasma Beam              Fire/Air       36%        2x1d54    21%         6
 Magic Dart               Conj           100%       1d8       1%          1
 Searing Ray              Conj           100%       2d8       1%          2
 Stone Arrow              Conj/Erth      82%        3d12      1%          3
 Sandblast                Erth           38%        2d10      2%          1
 Cigotuvi's Dreadful Rot  Necr/Pois/Air  56%        N/A       6%          2
 Apportation              Tloc           40%        N/A       8%          1
 Necrotise                Necr           76%        1d7       8%          1
 Summon Small Mammal      Summ           76%        N/A       8%          1
 Passwall                 Tmut/Erth      15%        N/A       12%         2
 Portal Projectile        Hex/Tloc       40%        N/A       22%         3
 Ozocubu's Armour         Ice            19%        N/A       24%         3
 Tukima's Dance           Hex            19%        N/A       24%         3
 Freezing Cloud           Conj/Ice/Air   17%        6-21      21%         5
 Manifold Assault         Tloc           20%        N/A       58%         4
 Passage of Golubria      Tloc           20%        N/A       58%         4
 Blade Hands              Tmut           9%         N/A       91%         5
 Metabolic Englaciation   Hex/Ice        9%         N/A       91%         5
 Silence                  Hex/Air        9%         N/A       91%         5
 Dispersal                Tloc           10%        N/A       100%        6
 Simulacrum               Ice/Necr       9%         N/A       100%        6
 Storm Form               Tmut/Air       9%         N/A       100%        7
 Disjunction              Tloc           10%        N/A       100%        8
 Lehudib's Crystal Spear  Conj/Erth      20%        10d6      100%        8


Dungeon Overview and Level Annotations

Branches:
Dungeon (12/15)            Temple (1/1) D:7            Lair (5/5) D:11
  Swamp (0/4) Lair:2        Snake (0/4) Lair:3          Orc (2/2) D:9
Ossuary (visited)
  Slime: Lair:4-5       Elf: Orc:2

Altars:
Ashenzari
Cheibriados
Dithmenos
Fedhas
Gozag
Hepliaklqana
Kikubaaqudgha
Makhleb
Nemelex Xobeh
Okawaru
Qazlal
Ru
Sif Muna
Trog
Uskayaw
Vehumet
Wu Jian
Xom
Yredelemnul

Shops:
D:4 =   D:6 ?   D:11 ((


Innate Abilities, Weirdness & Mutations

You have a pair of horns on your head.
You are mostly covered in slimy green scales. (AC +3)
A weak demonic guardian rushes to your aid.
Spells you cast may paralyse nearby enemies.


Message History

The tengu reaver is heavily wounded.
The concussive blast engulfs you! You resist.
You are knocked back by the blast.
Aiming: Iceblast
Press: ? - help, Shift-Dir - straight line, f/p - fire elemental
Aim: a fire elemental (heavily damaged, summoned)
Okay, then.
Okay, then.
Casting: Volatile Blastmotes (safe; 1% risk of failure)
Confirm with . or Enter, or press ? or * to list all spells.
You feel a surge of power!
A cloud of volatile blastmotes flares up around you!
Malevolent energies surge around you. The tengu reaver casts a spell at you.
The bolt of cold hits you!
A demonic guardian appears!
The bolt of cold misses your quasit.
The deep elf pyromancer is engulfed in blazing flames.
The deep elf pyromancer dies!
The fire elemental disappears in a puff of smoke!
You swap places.
The cloud of blastmotes explodes!
Your demonic guardian avoids your attack.
The concussive blast engulfs the tengu reaver!
The tengu reaver resists.
The tengu reaver is severely wounded.
The concussive blast engulfs you! You resist.
The tengu reaver is knocked back by the blast.
You are knocked back by the blast.
The tengu reaver gestures at you while chanting.
The bolt of negative energy hits your quasit.
Your quasit completely resists.
The bolt of negative energy misses you.
Your quasit closely misses the tengu reaver.
Your quasit barely misses the tengu reaver.
Your quasit misses the tengu reaver. The tengu reaver casts a spell at you.
The bolt of negative energy hits your quasit.
Your quasit completely resists.
The bolt of negative energy hits you!!!
You feel drained.
Ouch! That really hurt!
You die...

.................................
.............#.....#.#.#.#.#.#.#.
####..<.##...........#.......#...
###~~##.~##≈..#..........#.÷..
#≈≈≈≈~~≈~≈≈~...........>÷...≈
############################# #
### ### ### #.......
#8###8###8###8###8#####..♣.♣..
.......°°°Q5.@..'.....'.......
#8###8#)#8###8###8#.####..[... #
#°### ### ###+#.♣..PPPP.


e9W ♣.♣.P♣♣P. T..o #.♣..PPPP. ....°. ####...... ....... #.....~ .....⌠...
#...... #.PPPP. You could see a tengu reaver (poisoned, ally target) and a
friendly quasit (summoned).

Vanquished Creatures
  2 two-headed ogres
  3 boulder beetles
  A tengu warrior (D:12)
  Urug (Lair:1)
  9 death yaks
  Amaemon (D:8)
  A skyshark (Lair:2)
  4 orc knights (Orc:2)
  Pikel (D:5)
  4 cyclopes
  An orc sorcerer (Orc:2)
  3 manticores
  Maurice (D:8)
  5 elephants
  Joseph (D:8)
  A gargoyle (D:12)
  2 cane toads
  An orange demon (D:8)
  Maggie (D:9)
  A kobold demonologist (D:10)
  2 komodo dragons
  A rime drake (Lair:1)
  5 trolls
  A polar bear (Lair:4)
  A hornet (D:8)
  6 blink frogs
  A slime creature (D:12)
  Sigmund (D:5)
  2 shadows (D:12)
  2 water elementals
  4 wyverns
  Grum (Lair:1)
  A basilisk (Lair:4)
  14 vampire mosquitoes
  8 yaks
  3 steam dragons
  2 wargs
  3 nagas (Lair:3)
  4 acid dragons
  3 water moccasins
  Duvessa (D:5)
  18 orc warriors
  An ice beast (D:7)
  A sky beast (D:7)
  2 black bears
  4 ogres
  8 wolves
  2 centaurs
  2 phantoms
  15 bullfrogs
  8 kobold brigands (D:10)
  13 scorpions
  17 wights
  Dowan (D:5)
  20 killer bees
  7 electric eels
  6 howler monkeys
  A crimson imp (D:7)
  29 orc priests
  3 jellies
  Crazy Yiuf (D:3)
  2 gnoll boudas
  3 hounds (D:11)
  2 sleepcaps (D:5)
  2 iguanas
  17 orc wizards
  5 scorpion zombies (Ossuary)
  3 mummies (Ossuary)
  9 adders
  10 gnolls
  An ufetubus (D:7)
  2 worms
  4 dart slugs
  77 orcs
  13 ball pythons
  12 endoplasms
  3 giant cockroaches
  2 gnoll zombies (Ossuary)
  7 goblins
  10 hobgoblins
  4 jackals (D:3)
  8 kobolds
  5 quokkas
  5 bats
  3 frilled lizards
  A goblin skeleton (D:7)
  2 goblin zombies (Ossuary)
  5 hobgoblin zombies
  2 kobold skeletons (D:7)
  A kobold zombie (D:7)
  An orc skeleton (D:7)
  5 orc zombies
  A quokka zombie (D:4)
  14 rats
  A rat zombie (D:4)
  4 fulminant prisms (D:12)
515 creatures vanquished.

Vanquished Creatures (collateral kills)
  An orc sorcerer (Orc:2)
  An orc warrior (Orc:2)
  A hound (D:3)
  An adder (D:3)
  An orc (Orc:2)
  2 hobgoblins (D:1)
  A kobold (D:3)
  4 foxfires
12 creatures vanquished.

Vanquished Creatures (others)
  A deep elf pyromancer (D:12)
  An ugly thing (D:12)
  1187 foxfires
  9 fulminant prisms (D:12)
  27 fungi
  14 plants
1239 creatures vanquished.

Grand Total: 1766 creatures vanquished

Notes
Turn   | Place    | Note
-------+----------+-------------------------------------------
     0 | D:1      | BiteMe the Demonspawn Fire Elementalist began the quest for
                  | the Orb.
     0 | D:1      | Reached XP level 1. HP: 13/13 MP: 3/3
   562 | D:1      | Gained mutation: A weak demonic guardian rushes to your
                  | aid. [demonic ancestry]
   562 | D:1      | Reached XP level 2. HP: 19/19 MP: 1/5
   704 | D:1      | Learned a level 2 spell: Scorch
   832 | D:1      | You fall into a shaft and drop 1 floor!
  1787 | D:1      | Reached XP level 3. HP: 24/24 MP: 1/6
  3020 | D:2      | Reached XP level 4. HP: 30/30 MP: 1/7
  4789 | D:3      | Found a runed translucent door.
  4790 | D:3      | Noticed Crazy Yiuf
  5684 | D:3      | Reached XP level 5. HP: 7/35 MP: 2/9
  6481 | D:4      | Noticed a phantom
  6488 | D:4      | Killed a phantom
  6595 | D:4      | Found a sand-covered staircase.
  6603 | Ossuary  | Entered an ossuary
  6628 | Ossuary  | Gained mutation: You have a pair of small horns on your
                  | head. [demonic ancestry]
  6628 | Ossuary  | Reached XP level 6. HP: 31/42 MP: 2/11
  6643 | Ossuary  | Reached skill level 1 in Fighting
  7483 | Ossuary  | Reached XP level 7. HP: 43/48 MP: 0/13
  7747 | Ossuary  | Reached skill level 1 in Long Blades
  7777 | Ossuary  | Reached skill level 5 in Fire Magic
  8913 | D:4      | Found Osoonliw's Jewellery Boutique.
  9125 | D:4      | Reached skill level 5 in Spellcasting
  9559 | D:4      | Found a hazy altar of Hepliaklqana.
  9559 | D:4      | Found an opulent altar of Gozag.
  9772 | D:3      | Killed Crazy Yiuf
  9773 | D:3      | Reached XP level 8. HP: 36/56 MP: 8/15
 10004 | D:5      | Entered Level 5 of the Dungeon
 10077 | D:5      | Noticed Duvessa
 10214 | D:5      | Noticed Dowan
 10219 | D:5      | Killed Duvessa
 10227 | D:5      | Killed Dowan
 10957 | D:5      | Noticed Sigmund
 10963 | D:5      | Learned a level 3 spell: Volatile Blastmotes
 10972 | D:5      | Killed Sigmund
 11124 | D:4      | Bought a +6 ring of intelligence for 360 gold pieces
 11663 | D:5      | Upgraded the game from 0.30-b1-2-g02819fbbbe to
                  | 0.30-b1-5-g8e6c1be481
 11665 | D:6      | Noticed Pikel
 11672 | D:5      | Killed Pikel
 11673 | D:5      | Gained mutation: You are partially covered in slimy green
                  | scales. (AC +2) [demonic ancestry]
 11673 | D:5      | Reached XP level 9. HP: 37/61 MP: 6/19
 12023 | D:6      | Found Mizag Gehe's Magic Scroll Shoppe.
 12060 | D:6      | Learned a level 3 spell: Inner Flame
 12242 | D:6      | Found a sparkling altar of Nemelex Xobeh.
 13150 | D:6      | Found a sacrificial altar of Ru.
 13514 | D:6      | Bought a scroll of identify for 28 gold pieces
 13514 | D:6      | Bought a scroll of identify for 28 gold pieces
 13986 | D:7      | Found a shadowy altar of Dithmenos.
 16121 | D:7      | Found a staircase to the Ecumenical Temple.
 16127 | Temple   | Entered the Ecumenical Temple
 16297 | Temple   | Became a worshipper of Vehumet
 16442 | D:7      | Upgraded the game from 0.30-b1-5-g8e6c1be481 to 0.30.0
 16481 | D:8      | Gained mutation: Spells you cast may paralyse adjacent
                  | enemies. [demonic ancestry]
 16481 | D:8      | Reached XP level 10. HP: 67/67 MP: 6/22
 16744 | D:8      | Found a shimmering blue altar of Sif Muna.
 16744 | D:8      | Found an iron altar of Okawaru.
 17059 | D:8      | Noticed an orange demon
 17068 | D:8      | Noticed Amaemon
 17620 | D:8      | Noticed Joseph
 17633 | D:7      | Reached * piety under Vehumet
 17633 | D:7      | Offered knowledge of Kiss of Death by Vehumet.
 17634 | D:7      | Reached skill level 5 in Conjurations
 17796 | D:8      | Killed Joseph
 17938 | D:8      | Killed an orange demon
 18056 | D:8      | Reached skill level 5 in Dodging
 18081 | D:8      | Killed Amaemon
 18361 | D:8      | Noticed Maurice
 18376 | D:8      | Paralysed by something for 4 turns
 18389 | D:8      | Killed Maurice
 18829 | D:9      | Noticed Maggie
 19208 | D:9      | Reached skill level 10 in Spellcasting
 19533 | D:9      | Identified the +0 ring mail "Noguiqet" {Int+5}
 19550 | D:9      | Learned a level 4 spell: Flame Wave
 19817 | D:9      | Gained mutation: You are mostly covered in slimy green
                  | scales. (AC +3) [demonic ancestry]
 19817 | D:9      | Reached XP level 11. HP: 72/72 MP: 18/25
 19817 | D:9      | Identified the +9 broad axe of the Crypt {antimagic, rCorr
                  | Int+2 Dex+3}
 19926 | D:9      | Killed Maggie
 20303 | D:9      | Found a staircase to the Orcish Mines.
 21952 | Orc:1    | Entered Level 1 of the Orcish Mines
 21980 | Orc:1    | Offered knowledge of Shock by Vehumet.
 22236 | D:9      | Reached ** piety under Vehumet
 22510 | D:6      | Bought a scroll of immolation for 56 gold pieces
 22510 | D:6      | Bought a scroll of immolation for 56 gold pieces
 22510 | D:6      | Bought a scroll of enchant armour for 105 gold pieces
 22510 | D:6      | Bought a scroll of enchant weapon for 105 gold pieces
 22645 | D:10     | Entered Level 10 of the Dungeon
 22906 | Orc:2    | Entered Level 2 of the Orcish Mines
 22906 | Orc:2    | Noticed an orc sorcerer
 22915 | Orc:2    | Killed an orc sorcerer
 22916 | Orc:2    | Reached skill level 10 in Fire Magic
 23428 | Orc:2    | Noticed an orc knight
 23446 | Orc:2    | Killed an orc knight
 23886 | Orc:2    | Noticed an orc knight
 23909 | Orc:2    | Killed an orc knight
 24103 | Orc:2    | Offered knowledge of Momentum Strike by Vehumet.
 24201 | Orc:2    | Reached *** piety under Vehumet
 24203 | Orc:2    | Noticed an orc sorcerer
 24207 | Orc:2    | Noticed a sixfirhy
 24210 | Orc:2    | Killed an orc sorcerer
 24469 | Orc:2    | Noticed an orc knight
 24477 | Orc:2    | Killed an orc knight
 24962 | Orc:2    | Offered knowledge of Dazzling Flash by Vehumet.
 25039 | Orc:2    | Noticed an orc knight
 25044 | Orc:2    | Noticed an orc knight
 25050 | Orc:2    | Noticed an orc high priest
 25052 | Orc:2    | Killed an orc knight
 25055 | Orc:2    | Noticed an orc knight
 25058 | Orc:2    | HP: 2/72 [orc high priest/divine providence (11)]
 25074 | Orc:2    | Noticed an orc knight
 25079 | Orc:2    | Noticed an orc knight
 25085 | Orc:2    | Noticed an orc knight
 25086 | Orc:2    | Noticed an orc high priest
 25087 | Orc:2    | Noticed an orc knight
 25088 | Orc:2    | Noticed an orc high priest
 25514 | D:10     | Found the +3 Mad Mage's Maulers {Infuse+∞ VampMP -Cast}
 26060 | D:10     | Learned a level 3 spell: Ignite Poison
 26064 | D:10     | Learned a level 3 spell: Mephitic Cloud
 26067 | D:10     | Learned a level 2 spell: Blink
 26071 | D:10     | Learned a level 3 spell: Dazzling Flash
 26265 | D:10     | Found a shimmering altar of Xom.
 26382 | D:10     | Gained mutation: Spells you cast may paralyse nearby
                  | enemies. [demonic ancestry]
 26382 | D:10     | Reached XP level 12. HP: 76/78 MP: 18/27
 26992 | D:11     | Noticed a two-headed ogre
 27004 | D:11     | Killed a two-headed ogre
 27024 | D:11     | Reached **** piety under Vehumet
 27167 | D:11     | Found a staircase to the Lair.
 27246 | D:11     | Found Witwunn's Weapon Emporium.
 27267 | D:11     | Noticed a boulder beetle
 27277 | D:11     | Killed a boulder beetle
 27768 | D:11     | Offered knowledge of Fireball by Vehumet.
 28150 | D:11     | Found Araan's Weapon Shoppe.
 28595 | D:11     | Upgraded the game from 0.30.0 to 0.30.0-3-ga4e48a9924
 28596 | Lair:1   | Entered Level 1 of the Lair of Beasts
 28893 | Lair:1   | Reached skill level 1 in Poison Magic
 29413 | Lair:1   | Noticed Urug
 29429 | Lair:1   | Killed Urug
 29722 | Lair:1   | Noticed Grum
 29729 | Lair:1   | Killed Grum
 30806 | Lair:2   | Found a staircase to the Swamp.
 31065 | Lair:2   | Noticed a death yak
 31067 | Lair:2   | Noticed a death yak
 31074 | Lair:2   | Killed a death yak
 31074 | Lair:2   | Noticed a death yak
 31081 | Lair:2   | Noticed a death yak
 31088 | Lair:2   | Killed a death yak
 31125 | Lair:2   | Killed a death yak
 31328 | Lair:2   | Killed a death yak
 31329 | Lair:2   | Gained mutation: You have a pair of horns on your head.
                  | [demonic ancestry]
 31329 | Lair:2   | Reached XP level 13. HP: 46/83 MP: 16/29
 31602 | Lair:2   | You fall into a shaft and drop 2 floors!
 31626 | Lair:5   | Entered Level 5 of the Lair of Beasts
 31803 | Lair:3   | Learned a level 5 spell: Fireball
 31806 | Lair:3   | Learned a level 2 spell: Poisonous Vapours
 31811 | Lair:3   | Learned a level 4 spell: Fulminant Prism
 31846 | Lair:3   | Found a hide-covered altar of Uskayaw.
 31884 | Lair:3   | Reached skill level 1 in Evocations
 31898 | Lair:3   | Reached ***** piety under Vehumet
 31898 | Lair:3   | Offered knowledge of Plasma Beam by Vehumet.
 32135 | Lair:3   | Found a staircase to the Snake Pit.
 34740 | D:12     | Noticed a tengu reaver
 34757 | D:12     | Killed from afar by a tengu reaver

Illustrated notes

Levels and vault maps discovered:
D:1:      dpeg_arrival_subterranean_lakeside_camping, layout_basic,
          nrook_mini_backslash
D:2:      layout_basic, hangedman_decor_riveting
D:3:      layout_loops_ring, serial_forest, infiniplex_forest_lined_3_way,
          infiniplex_forest_straight_2, infiniplex_forest_lined_corner,
          infiniplex_forest_split, infiniplex_forest_straight_2,
          minmay_joined_circles, uniq_crazy_yiuf_cottage
D:4:      layout_basic, gammafunk_temple_overflow_pools, serial_shops, shop,
          enter_ossuary_4
D:5:      layout_cave_pools, uniq_duvessa, uniq_sigmund
D:6:      layout_loops_ring, kennysheep_mini_moat, amcnicky_altar_gilded,
          mainiacjoe_overflow_alcove_1, serial_shops, shop_scrolls,
          eino_small_chamber_without_monster, uniq_pikel
D:7:      layout_basic, nicolae_tso_besieged_by_evil,
          mainiacjoe_overflow_24_doors, temple_green, kennysheep_generic_room_13
D:8:      layout_basic, grunt_temple_overflow_open, uniq_joseph, uniq_maurice,
          uniq_amaemon
D:9:      kennysheep_steamy, layout_loops_ring, erik_orc_3, uniq_maggie
D:10:     layout_roguey [special_room_kobold],
          mainiacjoe_overflow_six_doors_small, minmay_misc_feat_more_columns
D:11:     layout_roguey, erik_lair_island, serial_shops, shop_coins, shop,
          nicolae_shop_back_alley_shop
D:12:     wad_statue_garden, layout_basic, minivault_26, st_stairs_11
Temple:   nicolae_temple_slightly_damp_pantheon
Lair:1:   layout_regular_city, minmay_lair_oklob_items, uniq_urug, uniq_grum
Lair:2:   layout_cave_pods, minmay_swamp_entry_eels
Lair:3:   layout_misc_corridors, nicolae_snake_entry_squirm, basic_altar,
          minivault_11
Lair:4:   wander_river, layout_cave_shapes, gauntlet_entry_generic
Lair:5:   evil_forest, layout_misc_corridors, slime_entry_1
Orc:1:    layout_diamond_mine, serial_shops
Orc:2:    st_orc_pillars, layout_diamond_mine, minmay_orc_keep

Skill      XL: |  1  2  3  4  5  6  7  8  9 10 11 12 13 |
---------------+----------------------------------------+-----
Stealth        | 2 |  2.7
Fire Magic     | 3 4 5 6 7 9 10 11 13 | 13.0
Dodging        | 2 4 5 7 8 9 |  9.1
Conjurations   | 2 3 4 5 6 7 |  7.3
Spellcasting   | 3 4 5 7 8 10 11 12 13 | 13.1
Fighting       | 1 |  1.9
Long Blades    | 2 |  2.1
Poison Magic   | 2 4 |  4.6
Evocations     | 3 |  3.3
Translocations | |  0.2

Action                     |  1- 3 |  4- 6 |  7- 9 | 10-12 | 13-15 || total
---------------------------+-------+-------+-------+-------+-------++-------
  Melee: Hand axe          |     1 |       |       |       |       ||     1
         Dagger            |     1 |    35 |       |       |       ||    36
         Punch             |       |     2 |       |     1 |       ||     3
         Long sword        |       |     8 |    51 |    52 |       ||   111
         Headbutt          |       |     2 |     9 |    14 |     2 ||    27
         Staff             |       |       |       |       |    11 ||    11
   Cast: Foxfire           |    60 |    81 |   161 |   344 |    31 ||   677
         Scorch            |       |    31 |    98 |   235 |    61 ||   425
         Volatile Blastmot |       |       |    11 |    48 |    21 ||    80
         Inner Flame       |       |       |     1 |     6 |     1 ||     8
         Flame Wave        |       |       |       |    19 |     8 ||    27
         Mephitic Cloud    |       |       |       |    27 |    30 ||    57
         Ignite Poison     |       |       |       |     8 |    11 ||    19
         Dazzling Flash    |       |       |       |     5 |     1 ||     6
         Poisonous Vapours |       |       |       |       |    14 ||    14
         Fulminant Prism   |       |       |       |       |    13 ||    13
         Fireball          |       |       |       |       |     6 ||     6
         Blink             |       |       |       |       |     2 ||     2
  Evoke: Wand              |       |       |       |    15 |     3 ||    18
    Use: Scroll            |       |     8 |    12 |    16 |     1 ||    37
         Potion            |       |     3 |       |    16 |     3 ||    22
   Stab: Sleeping          |       |       |     1 |       |       ||     1
         Paralysed         |       |       |       |     4 |       ||     4
         Distracted        |       |       |       |     1 |       ||     1
 Armour: Robe              |       |    14 |     5 |       |       ||    19
         Ring mail         |       |       |    33 |   105 |    33 ||   171
  Dodge: Dodged            |    12 |    68 |    59 |   108 |    34 ||   281
